 Dungeon Crawl Stone Soup version 0.21-a0-84-g85d6d27 (console) character file.

1817 Lianjan the Cleaver (level 8, -8/68 HPs)
             Began as a Deep Dwarf Fighter on July 1, 2017.
             Was a Priest of Elyvilon.
             Mangled by an ogre
             ... wielding a +0 giant club
              (24 damage)
             ... on level 6 of the Dungeon.
             The game lasted 00:18:10 (4742 turns).

Lianjan the Cleaver (Deep Dwarf Fighter)            Turns: 4742, Time: 00:18:11

Health: -8/68      AC:  9    Str: 23    XL:     8   Next: 85%
Magic:  4/4        EV:  9    Int:  8    God:    Elyvilon [***...]
Gold:   235        SH:  0    Dex: 12    Spells: 7/7 levels left

rFire    . . .     SeeInvis .   t - -3 hand axe (curse)
rCold    . . .     Gourm    .   (no shield)
rNeg     . . .     Faith    .   b - +0 scale mail
rPois    .         Spirit   .   s - +1 helmet
rElec    .         Reflect  .   (no cloak)
rCorr    .         Harm     .   (no gloves)
MR       +....                  (no boots)
Stlth    ..........             l - amulet of magic regeneration
HPRegen  0.00/turn              (no ring)
MPRegen  0.34/turn              (no ring)

@: lethally poisoned (-8 -> -8), non-regenerating
A: damage resistance, heal wounds, sense surroundings 1, no regeneration
a: Heal Wounds, Lesser Healing, Heal Other, Purification, Divine Protection,
Renounce Religion


You were on level 6 of the Dungeon.
You worshipped Elyvilon.
Elyvilon was most pleased with you.
You were hungry.

You visited 1 branch of the dungeon, and saw 6 of its levels.

You collected 235 gold pieces.

Inventory:

Hand Weapons
 a - a +1 war axe
 t - a cursed -3 hand axe (weapon)
Armour
 b - a +0 scale mail (worn)
 c - a +0 shield
 s - a +1 helmet (worn)
Jewellery
 l - an amulet of magic regeneration (around neck)
Wands
 m - a wand of polymorph (22/24)
Scrolls
 e - 9 scrolls of identify
 n - a scroll of recharging
 o - 4 scrolls of teleportation
 v - a scroll of remove curse {unknown}
Potions
 d - 2 potions of might
 g - 2 potions of heal wounds
 h - a potion of haste
 j - a potion of flight {unknown}
 k - a potion of ambrosia {unknown}
 p - 2 potions of degeneration {unknown}
 r - a potion of resistance {unknown}
Comestibles
 f - 3 bread rations
 i - 2 meat rations
 q - 6 fruits


   Skills:
 - Level 2.6 Fighting
 + Level 12.3 Axes
 - Level 3.2 Armour
 - Level 3.2 Shields


You had 7 spell levels left.
You didn't know any spells.

Dungeon Overview and Level Annotations

Branches:
Dungeon (6/15)
 Temple: D:4-7

Altars:
Ashenzari
Elyvilon

Shops:
D:4 ?


Innate Abilities, Weirdness & Mutations

You are resistant to damage.
You can heal yourself by infusing magical energy.
You passively map a small area around you.
You do not regenerate.


Message History

The ogre hits you with a giant club!
* * * LOW HITPOINT WARNING * * *
You are feeling hungry.
You slash the ogre!
The ogre is heavily wounded.
You slash the ogre!
The ogre is severely wounded.
The ogre hits you with a giant club!! Elyvilon protects you from harm!
You hit the ogre but do no damage.
The ogre is severely wounded.
You barely miss the ogre.
The ogre is severely wounded.
The ogre barely misses you.
You hit the ogre.
The ogre is almost dead.
You barely miss the ogre.
The ogre is almost dead.
The ogre hits you with a giant club!!
You die...

#.(....###.# ,, *
* #.._.. #####'##
### ....# **#.....
#.# ,... , , .....
#.# , ... #####
#.# ,... , ###'###
, #'#** #.....#
#.# * * #.....# *
#O# ### #.....#
#@# ,,.....
#.....# #.# *
###### ###†### #.#
#...#. ######.#
#.# #.#.#.
.......#
#.###########'#'#.
.......#
#.................
.......#
#.................
.......#
#.................
.......#
#.................


You could see an ogre.

Vanquished Creatures
  The ghost of sscrono2 the Covert, a novice OpAs of Uskayaw (D:6)
  Duvessa (D:6)
  An ice beast (D:5)
  An ogre (D:5)
  2 phantoms
  A centaur (D:5)
  A bullfrog (D:6)
  A scorpion (D:6)
  Dowan (D:6)
  4 crimson imps
  A bullfrog skeleton (D:5)
  4 orc priests
  2 orc wizards
  An iguana (D:4)
  4 worker ants
  3 hound skeletons
  A worker ant zombie (D:6)
  4 gnolls (D:3)
  7 adders
  2 shadow imps (D:5)
  A white imp (D:5)
  2 oozes
  An adder skeleton (D:5)
  2 worms (D:4)
  4 dart slugs
  A leopard gecko (D:4)
  20 orcs
  6 goblins
  8 hobgoblins
  2 quokkas
  3 ball pythons
  5 bats
  2 jackal skeletons
  5 kobolds
  A leopard gecko skeleton (D:6)
  4 rats
110 creatures vanquished.

Notes
Turn   | Place    | Note
-------+----------+-------------------------------------------
     0 | D:1      | Lianjan the Deep Dwarf Fighter began the quest for the Orb.
     0 | D:1      | Reached XP level 1. HP: 20/20 MP: 1/1
   172 | D:1      | Reached skill level 3 in Axes
   172 | D:1      | Reached XP level 2. HP: 27/27 MP: 2/2
   285 | D:1      | You fall through a shaft!
   511 | D:2      | Found a white marble altar of Elyvilon.
   513 | D:2      | Reached XP level 3. HP: 25/33 MP: 3/3
   523 | D:2      | Became a worshipper of Elyvilon the Healer
   679 | D:2      | Reached skill level 4 in Axes
  1185 | D:3      | Reached XP level 4. HP: 22/40 MP: 3/3
  1226 | D:3      | Reached skill level 5 in Axes
  1493 | D:3      | Reached * piety under Elyvilon
  1688 | D:3      | Reached XP level 5. HP: 15/46 MP: 4/4
  1694 | D:3      | Reached skill level 6 in Axes
  1881 | D:4      | Noticed a phantom
  1896 | D:4      | Killed a phantom
  1896 | D:4      | Reached skill level 7 in Axes
  1896 | D:4      | Reached XP level 6. HP: 48/55 MP: 3/3
  1958 | D:4      | Reached ** piety under Elyvilon
  2141 | D:4      | Reached skill level 8 in Axes
  2261 | D:4      | Found Eddamoq's Magic Scroll Boutique.
  2982 | D:5      | Entered Level 5 of the Dungeon
  3024 | D:5      | Reached XP level 7. HP: 41/61 MP: 4/4
  3122 | D:5      | Reached *** piety under Elyvilon
  3356 | D:5      | Reached skill level 9 in Axes
  3648 | D:5      | Reached skill level 10 in Axes
  3965 | D:5      | Reached XP level 8. HP: 40/68 MP: 5/5
  4333 | D:6      | Noticed sscrono2's ghost (novice OpAs)
  4371 | D:6      | Killed sscrono2's ghost
  4371 | D:6      | Reached skill level 11 in Axes
  4412 | D:6      | Found a shattered altar of Ashenzari.
  4459 | D:6      | Noticed Duvessa
  4459 | D:6      | Noticed Dowan
  4512 | D:6      | Killed Dowan
  4512 | D:6      | Reached skill level 12 in Axes
  4530 | D:6      | Killed Duvessa
  4738 | D:6      | Elyvilon protects you from harm!
  4742 | D:6      | Mangled by an ogre

Vault maps used:
D:1:      dpeg_arrival_three_same_balls, hangedman_decor_opposing
D:2:      elyvilon_altar_1
D:4:      serial_shops, nicolae_shop_window_shopping, minmay_statues_item,
          minmay_distorted
D:5:      first_bread, minmay_fire_ice_demons
D:6:      basic_altar, uniq_duvessa

Skill      XL: |  1  2  3  4  5  6  7  8 |
---------------+-------------------------+-----
Axes           | 3 4 5 7 8 10 12 | 12.3
Fighting       | |  2.6
Armour         | |  3.2
Shields        | |  3.2

Action                   |  1- 3 |  4- 6 |  7- 9 || total
-------------------------+-------+-------+-------++-------
Melee: War axe           |    86 |   126 |       ||   212
       Hand axe          |       |    37 |   572 ||   609
Invok: Lesser Healing    |       |       |    24 ||    24
 Abil: Heal Wounds       |     1 |     4 |     7 ||    12
  Use: Scroll            |     2 |     3 |     3 ||     8
  Eat: Chunk             |     1 |     4 |     9 ||    14
       Royal jelly       |       |       |     1 ||     1
       Fruit             |       |       |     1 ||     1
Armor: Scale mail        |    45 |    60 |   213 ||   318
Dodge: Dodged            |    49 |    78 |   203 ||   330
